AoeStats
← Your_Dad

Arena

508542444Analyzed
1v1 RM · 10d ago on Sep 22, 2026· 36m 2s· 2 players
Game mode
Random Map
Map size
Tiny (2 player)
Population
200
Speed
Normal
Resources
Standard
Victory
Conquest
Starting age
Dark Age
Ending age
Imperial Age
RankedLock teamsTeams togetherTeam positionsShared explorationLock speedFull tech treeHidden civsTurbo modeCheats
Victory
Defeat
🇺🇸 Turks · United States
950
+16
🇺🇸 Danes · United States
952
-16
drangch
11:35 Feudal Age
15:10 Castle Age
13:08 Double-Bit Axe
13:43 Horse Collar
20:36 Loom
21:04 Bow Saw
23:55 Padded Archer Armor
24:10 Stone Mining
30:14 Imperial Age
31:16 Wheelbarrow
30:30 Town Watch
31:50 Conscription
30:56 Elite Janissary
32:28 Bloodlines
35:05 Fletching
35:31 Leather Archer Armor
36:41 Husbandry
Your_Dad
10:33 Feudal Age
10:10 Loom
12:01 Double-Bit Axe
16:01 Castle Age
16:57 Bow Saw
17:27 Wheelbarrow
17:49 Horse Collar
20:11 Scale Mail Armor
20:21 Forging
26:22 Heavy Plow
26:24 Fletching
26:51 Chain Mail Armor
26:49 Forging
27:22 Gold Mining
28:26 Elite Skirmisher
31:57 Imperial Age
30:30 Hand Cart
31:18 Bodkin Arrow
34:20 Bracer
34:55 Iron Casting
34:44 Onager
35:29 Elite Varangian Guard
Connection lost

Rejoining the realm…

Still unreachable

The connection could not be restored.

Session expired

The server has moved on; the page needs a fresh start.